 Dungeon Crawl Stone Soup version 0.31-a0-986-g5e6e4ef867 (webtiles) character file.

Game seed: 1603939134507009339

440 Enter the Ruffian (level 6, 0/56 HPs)
             Began as a Minotaur Berserker on Nov 19, 2023.
             Was a Believer of Trog.
             Slain by a gnoll bouda
             ... wielding a +0 club
              (7 damage)
             ... on level 5 of the Dungeon.
             The game lasted 00:07:25 (1639 turns).

Enter the Ruffian (Minotaur Berserker)              Turns: 1639, Time: 00:07:25

Health: 0/56       AC:  6    Str: 29    XL:     6   Next: 70%
Magic:  5/5        EV: 12    Int: 10    God:    Trog [**....]
Gold:   70         SH:  0    Dex: 11    Spells: 5/5 levels left

rFire   . .          .
                       - Unarmed
rCold   . . .        (no shield)
rNeg    . . .        j - +3 leather armour "Hoavohiocu" {-Cast Will+ Str+7}
rPois   .            (helmet restricted)
rElec   .            (no cloak)
rCorr   .            (no gloves)
SInv    .            (no boots)
Will    +....        (no amulet)
Stlth   +            d - +6 ring of intelligence
HPRegen 0.29/turn    (no ring)
MPRegen 0.09/turn

%: no spellcasting
@: no status effects
A: horns 2, retaliatory headbutt
a: Renounce Religion, Berserk, Trog's Hand


You were on level 5 of the Dungeon.
You worshipped Trog.
Trog was pleased with you.
You visited 1 branch of the dungeon, and saw 5 of its levels.

You collected 70 gold pieces.

Inventory:

Hand Weapons
 k - a +0 giant spiked club
Missiles
 e - 23 stones
Armour
 a - a +1 animal skin
 g - a +0 leather armour
 j - the +3 leather armour "Hoavohiocu" (worn) {-Cast Will+ Str+7}
   (You found it on level 5 of the Dungeon)

   Str+7:     It affects your strength (+7).
   Will+:     It increases your willpower.
   -Cast:     It prevents spellcasting.
Jewellery
 d - a +6 ring of intelligence (left hand)
Talismans
 f - a flux talisman
Scrolls
 b - 2 scrolls of enchant armour
 c - a scroll of teleportation {unknown}
 h - a scroll of identify
 i - a scroll of fear
Potions
 l - a potion of curing


   Skills:
 + Level 5.0 Fighting
 + Level 3.1 Armour
 + Level 3.5 Dodging
 + Level 1.4 Stealth
 + Level 6.5 Unarmed Combat


You had 5 spell levels left.
You didn't know any spells.
Your spell library was empty.

Dungeon Overview and Level Annotations

Branches:
Dungeon (4/15)
 Temple: D:4-7

Altars:


Innate Abilities, Weirdness & Mutations

You have a pair of horns on your head.
You reflexively headbutt those who attack you in melee.


Message History

You punch the dart slug!
You kill the dart slug!
Trog accepts your kill.
A hound comes into view.
The hound barks!
You see here a dart slug corpse.
Found 12 gold pieces.
There is a stone staircase leading down here.
You punch the gnoll!
You kill the gnoll!
Trog accepts your kill.
The gnoll bouda gazes fiercely through you!
You feel your attacks grow feeble. The hound barely misses you.
You furiously retaliate!
You headbutt the hound. The hound closely misses you. You furiously retaliate!
You headbutt the hound.
There is a stone staircase leading down, spattered with blood here.
Things that are here:
a +0 flail; a gnoll corpse The hound bites you but does no damage.
The hound bites you but does no damage. The hound bites you.
* * * LOW HITPOINT WARNING * * *
There is a stone staircase leading down, spattered with blood here.
Things that are here:
a +0 flail; a gnoll corpse You closely miss the hound.
Your headbutt misses the hound.
The hound is heavily wounded.
The hound barely misses you. You furiously retaliate!
You headbutt the hound!
You kill the hound!
Trog accepts your kill.
The gnoll bouda hits you with a +0 club.
* * * LOW HITPOINT WARNING * * *
You see here a hound corpse.
Your attacks no longer feel as feeble.
The gnoll bouda attacks as it pursues you!
The gnoll bouda hits you with a +0 club.
* * * LOW HITPOINT WARNING * * *
You see here a potion of curing.
l - a potion of curing The gnoll bouda hits you with a +0 club!
You die...

.. ######... ##..##....
#....#....#### ...#
........# #### ## ...#
..)....###..#..### ...#
##..............# ...#
#....<†.g@....... ..##
#.....>.........# .###.
##...†.....[#$.## ..##.
##...........# ##
...#.##..##.........#
#...............#....#
#..............####...#
##..##........... ...#
...........###.... .#


You could see a gnoll bouda.

Vanquished Creatures
  Grinder (D:5)
  An ogre (D:5)
  2 hounds (D:5)
  An adder (D:2)
  5 gnolls (D:5)
  A worm (D:3)
  A dart slug (D:5)
  3 orcs (D:5)
  5 endoplasms
  3 giant cockroaches
  A goblin (D:2)
  4 hobgoblins
  A kobold (D:2)
  3 quokkas
  A ball python (D:1)
  A bat (D:3)
  3 frilled lizards
37 creatures vanquished.

Notes
Turn   | Place    | Note
-------+----------+-------------------------------------------
     0 | D:1      | Enter the Minotaur Berserker began the quest for the Orb.
     0 | D:1      | Reached XP level 1. HP: 19/19 MP: 0/0
   130 | D:2      | Reached XP level 2. HP: 26/27 MP: 1/1
  1103 | D:3      | Reached XP level 3. HP: 32/33 MP: 2/2
  1129 | D:3      | Reached skill level 4 in Unarmed Combat
  1475 | D:4      | You fall into a shaft and drop 1 floor!
  1475 | D:5      | Entered Level 5 of the Dungeon
  1494 | D:5      | Reached XP level 4. HP: 28/41 MP: 3/3
  1503 | D:5      | Identified the +3 leather armour "Hoavohiocu" {-Cast Will+
                  | Str+7}
  1527 | D:5      | Noticed Grinder
  1548 | D:5      | Killed Grinder
  1549 | D:5      | Reached skill level 1 in Stealth
  1549 | D:5      | Reached skill level 5 in Unarmed Combat
  1549 | D:5      | Reached XP level 5. HP: 17/47 MP: 4/4
  1549 | D:5      | Reached XP level 6. HP: 20/55 MP: 5/5
  1576 | D:5      | Reached ** piety under Trog
  1577 | D:5      | Reached skill level 6 in Unarmed Combat
  1590 | D:5      | Reached skill level 5 in Fighting
  1639 | D:5      | Slain by a gnoll bouda

Illustrated notes

Levels and vault maps discovered:
D:1:      onia_arrival_pyramid, layout_basic, minmay_hexomino_c4
D:2:      layout_loops_corners
D:3:      layout_basic, nzn_wu_jian_council_hall, minivault_25
D:4:      layout_rooms, nemelex_xobeh_ov_fountains_minmay,
          minmay_temple_entry_enclosed_plants
D:5:      layout_cave_pools, serial_gnoll_camp, gnoll_camp_medium_02,
          gnoll_camp_mini_shop, gnoll_camp_huts_basic, gnoll_camp_mini_sergeant,
          hellmonk_ghost_happy_afterlife, uniq_grinder

Skill      XL: |  1  2  3  4  5  6 |
---------------+-------------------+-----
Fighting       | 4 5 |  5.0
Unarmed Combat | 4 5 6 |  6.5
Armour         | 3 |  3.1
Dodging        | 3 |  3.5
Stealth        | 1 |  1.4

Action                     |  1- 3 |  4- 6 || total
---------------------------+-------+-------++-------
  Melee: Unarmed           |    54 |    25 ||    79
         Headbutt          |     8 |     4 ||    12
         Punch             |       |     2 ||     2
    Use: Scroll            |     6 |     2 ||     8
         Potion            |     3 |       ||     3
   Stab: Sleeping          |     1 |       ||     1
 Armour: Animal skin       |    29 |       ||    29
         Leather armour    |       |    20 ||    20
  Dodge: Dodged            |    35 |    16 ||    51

Table legend: (Time is in decaauts)
 A = Elapsed time spent in this place.
 B = Non-inter-level travel time spent in this place.
 C = Inter-level travel time spent in this place.
 D = Time resting spent in this place.
 E = Time spent auto-exploring this place.
 F = Levels seen in this place.
 G = Mean time per level.
                   A        B        C        D        E       F      G
               +--------+--------+--------+--------+--------+-----+--------+
         Total |   1613 |   1613 |      0 |      0 |    396 |   5 |  322.6 |
       Dungeon |   1613 |   1613 |      0 |      0 |    396 |   5 |  322.6 |
               +--------+--------+--------+--------+--------+-----+--------+

Top non-repeatable levels by time:
     D:2: 789 daAuts
     D:3: 541 daAuts
     D:5: 161 daAuts
     D:1: 118 daAuts
     D:4: 2 daAuts
